 Dungeon Crawl Stone Soup version 0.18-a0-946-g3ac5b32 (webtiles) character file.

775 Duffy the Insei (level 7, -1/56 HPs)
             Began as a Demigod Monk on Dec 30, 2015.
             Slain by a gnoll
             ... wielding a +0 halberd
              (12 damage)
             ... on level 4 of the Dungeon.
             The game lasted 00:09:40 (7498 turns).

Duffy the Insei (Demigod Monk)                      Turns: 7498, Time: 00:09:40

Health: -1/56      AC: 10    Str: 18    XL:     7   Next: 28%
Magic:  11/11      EV:  8    Int: 14    God:
Gold:   135        SH:  0    Dex: 18    Spells: 0 memorised, 6 levels left

rFire  . . .     SeeInvis .       - Unarmed
rCold  . . .     Gourm    .     y - +0 chain mail
rNeg   . . .     Faith    .     (no shield)
rPois  .         Spirit   .     (no helmet)
rElec  .         Dismiss  .     (no cloak)
rCorr  .         Reflect  .     j - +0 pair of gloves
SustAt +         Harm     .     (no boots)
MR     .....                    (no amulet)
Stlth  ..........               (no ring)
                                s - ring of stealth

@: not resistant to hostile enchantments, extremely unstealthy
A: high mp 1, sustain attributes
a: no special abilities


You were on level 4 of the Dungeon.
You were not hungry.

You visited 1 branch of the dungeon, and saw 5 of its levels.

You collected 135 gold pieces.


Innate Abilities, Weirdness & Mutations

You have an increased reservoir of magic (+10% MP).
Your attributes are resistant to harm.


   Skills:
 - Level 2.6 Fighting
 - Level 2.4 Armour
 - Level 2.6 Dodging
 - Level 1.7 Stealth
 + Level 7.6 Unarmed Combat
 - Level 2.5 Evocations


You had 6 spell levels left.
You didn't know any spells.

Inventory:

Missiles
 c - 14 poisoned needles
 o - 8 tomahawks (quivered)
 w - 3 curare-tipped needles
Armour
 i - a +0 ring mail
 j - a +0 pair of gloves (worn)
 y - a +0 chain mail (worn)
 D - a +0 plate armour
Jewellery
 s - a ring of stealth (left hand)
Wands
 z - a wand of paralysis (1/24)
 B - a wand of paralysis (19/24)
Scrolls
 d - 3 scrolls of remove curse {unknown}
 f - 2 scrolls of enchant armour {unknown}
 h - a scroll of enchant weapon {unknown}
 q - 2 scrolls of recharging
 r - 2 scrolls of teleportation
Potions
 a - a potion of might
 e - 2 potions of haste
 g - a potion of curing {unknown}
 k - a potion of lignification {unknown}
 m - a potion of brilliance {unknown}
 p - a potion of degeneration {unknown}
 u - a potion of beneficial mutation {unknown}
 v - a potion of cancellation {unknown}
 x - 2 potions of berserk rage
 E - a potion of flight {unknown}
Books
 A - a book of Unlife
Comestibles
 b - 5 bread rations
 n - 2 royal jellies
 t - 2 meat rations

Dungeon Overview and Level Annotations

Branches:
Dungeon (5/15)
 Temple: D:4-7

Shops:
D:4 [

Annotations:
D:3 bsdbeard's ghost, novice OpTm


Message History

The gnoll shouts!
A gnoll comes into view. It is wielding a halberd.
A gnoll comes into view. It is wielding an enchanted spear.
The gnoll shouts!
The gnoll hits you but does no damage. The gnoll hits you but does no damage.
A gnoll comes into view. It is wielding a halberd.
The gnoll shouts!
The gnoll barely misses you. The gnoll completely misses you.
There is a stone staircase leading up here.
The gnoll hits you but does no damage. x2
You climb upwards.
There is a stone staircase leading down here.
You hit the gnoll.
The gnoll is heavily wounded.
You punch the gnoll!
You kill the gnoll!
No target in view!
No target in view!
You climb downwards.
The gnoll hits you with a halberd! The gnoll completely misses you.
The gnoll hits you but does no damage.
The gnoll hits you with an enchanted spear.
There is a stone staircase leading up, spattered with blood here.
Press: ? - help, v - describe, . - travel
Here: a gnoll, wielding an enchanted spear The floor.
The gnoll hits you with a halberd.
The gnoll hits you with an enchanted spear.
You climb upwards.
There is a stone staircase leading down here.
The gnoll hits you with a halberd! The gnoll closely misses you.
The gnoll hits you with a halberd! The gnoll barely misses you.
The gnoll hits you from afar with a halberd!
You die...

###### #....#
#.##.#
#############.##.#
...............#.#
...............#.#
...............#.#
........###'#g.#@#
............)>...##
......#....#..g...#
......#...........#
..................#
.......##.........#
#.................#
..................#
.##..............##


You could see a gnoll.

Action                   |  1- 3 |  4- 6 |  7- 9 || total
-------------------------+-------+-------+-------++-------
Melee: Unarmed           |   177 |   318 |    40 ||   535
Evoke: Wand              |       |     2 |     1 ||     3
  Use: Scroll            |       |     3 |     3 ||     6
 Stab: Sleeping          |     7 |     4 |       ||    11
       Paralysed         |       |    11 |     3 ||    14
  Eat: Chunk             |     3 |    11 |     3 ||    17
       Bread ration      |     1 |       |       ||     1

Notes
Turn   | Place    | Note
--------------------------------------------------------------
     0 | D:1      | Duffy the Demigod Monk began the quest for the Orb.
     0 | D:1      | Reached XP level 1. HP: 18/18 MP: 3/3
   269 | D:1      | Reached skill level 4 in Unarmed Combat
   498 | D:1      | Reached XP level 2. HP: 22/25 MP: 4/4
  2066 | D:2      | Reached XP level 3. HP: 26/30 MP: 5/5
  2504 | D:1      | Reached skill level 5 in Unarmed Combat
  2998 | D:2      | Found a faded altar to an unknown god.
  3464 | D:2      | Reached XP level 4. HP: 29/37 MP: 6/6
  3827 | D:3      | Noticed bsdbeard's ghost (novice OpTm)
  4008 | D:5      | Entered Level 5 of the Dungeon
  4067 | D:4      | Noticed PinkishYellow's ghost (amateur TrMo)
  4409 | D:3      | Reached skill level 6 in Unarmed Combat
  4409 | D:3      | Reached XP level 5. HP: 42/42 MP: 7/7
  4428 | D:3      | Found a shattered altar of Ashenzari.
  4621 | D:4      | Found Fuwniti's Antique Armour Boutique.
  4982 | D:4      | Found a bloodstained altar of Trog.
  4983 | D:4      | Noticed a wizard
  4988 | D:4      | Killed a wizard
  5068 | D:4      | Killed PinkishYellow's ghost
  5068 | D:4      | Reached skill level 1 in Evocations
  5179 | D:4      | Noticed a phantom
  5223 | D:4      | Killed a phantom
  5223 | D:4      | Reached skill level 2 in Evocations
  5223 | D:4      | Reached XP level 6. HP: 26/50 MP: 8/10
  6205 | D:4      | Reached skill level 7 in Unarmed Combat
  6693 | D:5      | Reached skill level 1 in Armour
  6732 | D:5      | Reached XP level 7. HP: 24/56 MP: 11/11
  7074 | D:5      | Reached skill level 2 in Armour
  7498 | D:4      | Slain by a gnoll

Vault maps used:
D:1:      arrival_zaba_pyramid, amethyst_killhole
D:2:      ecumenical_altar_2
D:3:      evilmike_ruin_ashenzari
D:4:      corexii_shantytown, first_bread, serial_shops,
          nicolae_shop_statue_plus, trog_wizard

Vanquished Creatures
  A wizard
  A phantom
  The ghost of PinkishYellow the Ruffian, an amateur TrMo
  A scorpion
  2 crimson imps
  A giant frog zombie
  A centaur zombie
  A hound
  An orc wizard
  2 iguanas
  A worker ant
  9 gnolls
  2 adders
  2 oozes
  3 worms
  15 orcs
  2 ball pythons
  9 giant cockroaches
  15 hobgoblins
  3 jackals
  2 quokkas
  11 bats
  2 giant geckos
  2 giant newts
  14 goblins
  A jackal skeleton
  16 kobolds
  12 rats
133 creatures vanquished.
